 Dungeon Crawl Stone Soup version 0.17.0-24-gcfadda4 (console) character file.

2 gw the Slasher (level 1, -1/16 HPs)
             Began as a Demonspawn Gladiator on Nov 17, 2015.
             Slain by a jackal (2 damage)
             ... on level 1 of the Dungeon.
             The game lasted 00:00:08 (40 turns).

gw the Slasher (Demonspawn Gladiator)                 Turns: 40, Time: 00:00:08

Health: -1/16      AC:  4    Str: 15    XL:     1   Next: 25%
Magic:  1/1        EV: 12    Int:  9    God:
Gold:   11         SH:  0    Dex: 13    Spells: 0 memorised, 0 levels left

rFire  . . .     SeeInvis .     a - +0 long sword
rCold  . . .     Clarity  .     b - +0 leather armour
rNeg   . . .     SustAt   .     (no shield)
rPois  .         Gourm    .     c - +0 helmet
rElec  .         Spirit   .     (no cloak)
rCorr  .         Warding  .     (no gloves)
rMut   .         Stasis   .     (no boots)
MR     .....                    (no amulet)
Stlth  +.........               (no ring)
                                (no ring)

@: not resistant to hostile enchantments, very unstealthy
A: no striking features
a: no special abilities


You were on level 1 of the Dungeon.
You were not hungry.

You visited 1 branch of the dungeon, and saw 1 of its levels.

You collected 11 gold pieces.

Inventory:

Hand Weapons
 a - a +0 long sword (weapon)
Missiles
 d - 3 throwing nets
Armour
 b - a +0 leather armour (worn)
 c - a +0 helmet (worn)
 f - a +0 ring mail
Comestibles
 e - a bread ration


   Skills:
 + Level 2.0 Fighting
 * Level 2.8 Long Blades
 + Level 1.7 Throwing
 + Level 0.0 Armour
 - Level 2.6 Dodging


You couldn't memorise any spells.
You didn't know any spells.

Dungeon Overview and Level Annotations

Branches:
Dungeon (1/15)

Altars:


Message History

ATTACKING (-1,-1)
You slash the jackal!
The jackal is almost dead.
The bat hits you. The jackal closely misses you.
The jackal bites you but does no damage.
The jackal barely misses you. x2
The goblin misses you. The jackal bites you. The jackal barely misses you.
The jackal misses you.
ATTACKING (-1,-1)
You closely miss the jackal.
The jackal is almost dead.
The bat hits you but does no damage.
The jackal bites you but does no damage.
The jackal barely misses you. The bat closely misses you.
The jackal closely misses you.
The jackal bites you but does no damage.
The goblin hits you but does no damage.
The jackal bites you but does no damage.
The jackal barely misses you. The jackal bites you.
You die...

###..............
+<'%##.#..###
.##.###.##....#
.........##...##
##........#
##..##.#......
##.....###....
##%.hhh..###...
#...h6....# ...
#...bg.?..# ..
............#
####.......##
#.......##
#.#...###
#..#...# .. ....#


You could see 4 jackals, a goblin and a bat.

Table legend:
 A = Turns spent in this place as a percentage of turns spent in the entire game.
 B = Non-inter-level travel turns spent in this place as a percentage of non-inter-level travel turns spent in the entire game.
 C = Inter-level travel turns spent in this place as a percentage of turns spent in this place.
 D = Turns resting spent in this place as a percentage of non-inter-level travel turns spent in this place.
 E = Turns spent auto-exploring this place as a percentage of non-inter-level travel turns spent in this place.
 F = Non-inter-level travel turns spent in this place divided by the number of levels of this place that you've seen.
                   A       B       C       D       E      F
               +-------+-------+-------+-------+-------+----------------------
         Total | 100.0 | 100.0 |   0.0 |   0.0 |   1.4 | 142.0
       Dungeon | 100.0 | 100.0 |   0.0 |   0.0 |   1.4 | 142.0
               +-------+-------+-------+-------+-------+----------------------

Table legend:
 A = Kills in this place as a percentage of kills in entire the game.
 B = Kills by you in this place as a percentage of kills by you in the entire game.
 C = Kills by friends in this place as a percentage of kills by friends in the entire game.
 D = Other kills in this place as a percentage of other kills in the entire game.
 E = Experience gained in this place as a percentage of experience gained in the entire game.
 F = Experience gained in this place divided by the number of levels of this place that you have seen.
                   A       B       C       D       E      F
               +-------+-------+-------+-------+-------+----------------------
         Total | 100.0 | 100.0 |  -nan |  -nan | 100.0 |   3.0
       Dungeon | 100.0 | 100.0 |  -nan |  -nan | 100.0 |   3.0
               +-------+-------+-------+-------+-------+----------------------

Vanquished Creatures
  A bat (D:1)
  A jackal (D:1)
2 creatures vanquished.

Notes
Turn   | Place    | Note
--------------------------------------------------------------
     0 | D:1      | gw the Demonspawn Gladiator began the quest for the Orb.
     0 | D:1      | Reached XP level 1. HP: 16/16 MP: 1/1
    40 | D:1      | Slain by a jackal

Action                   || total
-------------------------++-------
Melee: Long sword        ||    11

Vault maps used:
D:1:      dpeg_arrival_tiny_d
